cohdb
Replays
Latest Replays
All Replays
Popular Replays
Top Player Replays
Match Explorer
How It Works
Community
CoH3 Stats
Reddit
Sign in to upload your games and track your stats! →
Sign in with Steam
Match 46662707
Unlisted
Match 46662707
Overview
Messages
Build Orders
End
Construct Infanterie Kompanie
Pioneer Squad
MG 42 Machine Gun Team
GrW 34 Mortar Team
Construct Luftwaffe Kompanie
Medical Station
Jäger Squad
Jäger Squad
Support Elements
Jäger Squad
Wirbelwind Flakpanzer
Side Skirts
Jäger Squad
Construct Panzer Kompanie
MG 42 Bunker
Repair Bunker
Panzer IV Medium Tank
Selects Terror Battlegroup
Selects Contempt for the Weak
Selects Jericho Trumpet
Selects V1 Rocket Strike
Carl
Wigger time
Mef39
SSFFF
LITTLE TRICKSTER
GAF_Thom_Yorke
Da Cracka Whacka
jway22
0
0
Comments
sign in to comment!
No comments posted yet!